AoeStats
← MattAtArms

Arabia

507243951Analyzed
1v1 RM · 16d ago on Sep 17, 2026· 44m 29s· 2 players
Game mode
Random Map
Map size
Tiny (2 player)
Population
200
Speed
Normal
Resources
Standard
Victory
Conquest
Starting age
Dark Age
Ending age
Imperial Age
RankedLock teamsTeams togetherTeam positionsShared explorationLock speedFull tech treeHidden civsTurbo modeCheats
Victory
Defeat
🇸🇪 Goths · Sweden
2111
+8
🇬🇧 Chinese · United Kingdom
1926
-8
MattAtArms
0:25 Loom
8:31 Feudal Age
9:33 Double-Bit Axe
12:28 Town Watch
13:18 Wheelbarrow
13:14 Horse Collar
14:01 Fletching
20:21 Castle Age
18:55 Gold Mining
19:12 Padded Archer Armor
20:23 Crossbowman
21:00 Bodkin Arrow
21:16 Bow Saw
25:15 Thumb Ring
25:52 Wheelbarrow
25:45 Ballistics
26:04 Wheelbarrow
25:48 Leather Archer Armor
27:35 Heavy Plow
36:35 Imperial Age
34:18 Scale Barding Armor
35:31 Chain Barding Armor
35:33 Bloodlines
35:24 Husbandry
38:45 Hand Cart
39:11 Plate Barding Armor
38:14 Cavalier
39:54 Forging
41:56 Iron Casting
41:11 Arbalester
41:57 Bracer
42:25 Thumb Ring
45:02 Chemistry
Mawashigeri
0:39 Loom
11:41 Feudal Age
12:15 Double-Bit Axe
12:38 Horse Collar
13:55 Fletching
14:18 Padded Archer Armor
16:07 Padded Archer Armor
21:06 Castle Age
21:43 Bodkin Arrow
21:09 Crossbowman
25:26 Ballistics
25:46 Wheelbarrow
25:17 Heavy Plow
30:52 Hand Cart
32:40 Anarchy
33:18 Squires
33:19 Scale Mail Armor
34:15 Bow Saw
36:24 Forging
36:22 Pikeman
40:20 Imperial Age
39:32 Chain Mail Armor
40:38 Town Watch
40:31 Halberdier
41:49 Conscription
41:45 Elite Huskarl
44:44 Iron Casting
Connection lost

Rejoining the realm…

Still unreachable

The connection could not be restored.

Session expired

The server has moved on; the page needs a fresh start.